AoeStats
← 玉面狐狸

Black Forest

509567384Analyzed
4v4 RM · 4d ago on Sep 27, 2026· 48m 13s· 8 players
Game mode
Random Map
Map size
Large (8 player)
Population
200
Speed
Normal
Resources
Standard
Victory
Conquest
Starting age
Dark Age
Ending age
Imperial Age
RankedLock teamsTeams togetherTeam positionsShared explorationLock speedFull tech treeHidden civsTurbo modeCheats
Victory
Defeat
🇨🇳 Varangians · China
1128
+15
🇹🇷 Lithuanians · Türkiye
1114
+15
🇹🇼 Danes · Taiwan
1072
+17
🇨🇳 Vietnamese · China
1050
+18
🇺🇸 Dravidians · United States
1166
-20
🇺🇸 Spanish · United States
1111
-17
🇺🇸 Persians · United States
1070
-15
🇨🇳 Lithuanians · China
1028
-13
雪舞蝶梦
0:28 Loom
12:54 Feudal Age
13:42 Double-Bit Axe
16:39 Castle Age
24:37 Bow Saw
25:16 Horse Collar
26:52 Gold Mining
26:52 Stone Mining
27:06 Heavy Plow
27:44 Wheelbarrow
28:42 Hand Cart
29:59 Stone Shaft Mining
32:28 Imperial Age
30:45 Forging
30:41 Scale Barding Armor
30:27 Fletching
32:03 Caravan
32:40 Iron Casting
31:30 Light Cavalry
32:21 Bloodlines
32:11 Husbandry
32:58 Chain Barding Armor
33:38 Conscription
33:38 Treadmill Crane
34:24 Ballistics
35:05 Chemistry
34:02 Hussar
36:16 Blast Furnace
36:04 Plate Barding Armor
35:15 Cavalier
36:07 Vendel Legacy
37:53 Crop Rotation
38:26 Two-Man Saw
sefa11
0:43 Loom
13:47 Feudal Age
18:56 Castle Age
19:46 Horse Collar
23:52 Double-Bit Axe
24:10 Heavy Plow
25:37 Bow Saw
31:45 Imperial Age
29:55 Wheelbarrow
29:37 Bloodlines
29:32 Husbandry
32:31 Scale Barding Armor
32:37 Forging
31:50 Cavalier
33:18 Paladin
34:20 Chain Barding Armor
45:52 Plate Barding Armor
45:53 Iron Casting
TaiwanIsChina's
0:33 Loom
12:54 Feudal Age
13:34 Double-Bit Axe
20:55 Castle Age
19:14 Fishing Lines
21:57 Bow Saw
24:14 Wheelbarrow
25:32 Gillnets
26:02 Stone Mining
26:49 Hand Cart
28:25 Fortified Wall
31:47 Imperial Age
29:08 Horse Collar
29:44 Town Watch
30:39 Heavy Plow
30:43 Fletching
31:29 Gold Mining
31:53 Bloodlines
31:44 Husbandry
34:03 Stone Shaft Mining
32:56 Elite Battle Elephant
35:07 Chemistry
35:12 Two-Man Saw
36:22 Crop Rotation
36:12 Masonry
36:09 Siege Engineers
36:20 Elite Skirmisher
37:18 Thumb Ring
37:27 Town Patrol
37:45 Imperial Skirmisher
40:17 Ballistics
39:40 Treadmill Crane
39:56 Murder Holes
40:15 Bodkin Arrow
40:21 Padded Archer Armor
41:30 Bracer
44:34 Leather Archer Armor
45:29 Paper Money
45:45 Hoardings
46:26 Caravan
48:05 Ring Archer Armor
47:36 Scale Mail Armor
47:44 Chatras
寶島岡山之鬼
12:29 Feudal Age
13:03 Double-Bit Axe
17:28 Castle Age
15:42 Fishing Lines
18:18 Gillnets
22:25 Bow Saw
22:34 Fervor
24:59 Wheelbarrow
25:28 Horse Collar
27:10 Hand Cart
26:41 Town Watch
26:42 Loom
27:28 Stone Mining
27:29 Gold Mining
31:28 Imperial Age
29:46 Town Patrol
29:53 Squires
29:13 Pikeman
29:39 Arson
29:40 Gambesons
30:01 Scale Mail Armor
30:11 Forging
30:57 Heavy Plow
32:07 Chain Mail Armor
32:27 Iron Casting
32:40 Conscription
31:42 Elite Jomsviking
32:17 Hamask
35:39 Plate Mail Armor
36:10 Blast Furnace
37:03 Stone Shaft Mining
37:05 Gold Shaft Mining
1. d4
0:51 Loom
13:41 Feudal Age
17:31 Castle Age
layuyimartine
5:00 Loom
12:38 Feudal Age
14:51 Horse Collar
18:11 Castle Age
17:02 Fishing Lines
17:20 Double-Bit Axe
17:17 Horse Collar
18:34 Gold Mining
20:45 Bow Saw
20:33 Gillnets
22:00 Wheelbarrow
21:30 Stone Mining
26:28 Hand Cart
29:06 Imperial Age
27:30 Fletching
27:41 Padded Archer Armor
28:58 Caravan
29:30 Coinage
29:15 Thumb Ring
29:07 Bodkin Arrow
29:28 Leather Archer Armor
29:39 Medical Corps
30:25 Bracer
30:30 Husbandry
31:06 Guilds
31:31 Banking
31:41 Elite Elephant Archer
32:58 Conscription
35:32 Ring Archer Armor
36:04 Two-Man Saw
35:13 Heavy Plow
37:51 Scale Barding Armor
37:57 Forging
39:06 Chemistry
38:28 Ballistics
37:50 Siege Elephant
39:56 Squires
39:17 Pikeman
40:54 Guilds
40:43 Heavy Scorpion
43:53 Iron Casting
43:19 Scale Mail Armor
43:55 Halberdier
46:48 Blast Furnace
46:04 Chain Mail Armor
48:03 Elite Skirmisher
78!SATTACk08
10:50 Loom
12:41 Feudal Age
13:19 Double-Bit Axe
15:22 Fishing Lines
20:57 Wheelbarrow
22:57 Castle Age
24:01 Caravan
25:44 Bow Saw
25:18 Horse Collar
25:35 Gold Mining
25:36 Stone Mining
28:46 Heavy Plow
29:23 Gold Shaft Mining
36:03 Fletching
39:15 Imperial Age
39:43 Forging
41:41 Iron Casting
41:12 Scale Barding Armor
玉面狐狸
7:44 Loom
10:31 Feudal Age
15:42 Castle Age
13:30 Double-Bit Axe
15:11 Fishing Lines
16:44 Bow Saw
Connection lost

Rejoining the realm…

Still unreachable

The connection could not be restored.

Session expired

The server has moved on; the page needs a fresh start.